 Dungeon Crawl Stone Soup version 0.31-a0-1591-g515db51633 (webtiles) character file.

Game seed: 11098061118741191736

719020 Bnni the Invulnerable (level 27, -2/199 HPs)
             Began as a Formicid Earth Elementalist on Jan 2, 2024.
             Was the Champion of Cheibriados.
             Slain by an iron golem (13 damage)
             ... on level 4 of the Iron City of Dis on Jan 7, 2024.
             The game lasted 06:06:34 (73643 turns).

Bnni the Invulnerable (FoEE)                       Turns: 73643, Time: 06:06:34

Health: -2/199     AC: 41    Str: 27    XL:     27
Magic:  20/39      EV: 22    Int: 43    God:    Cheibriados [******]
Gold:   5827       SH:  0    Dex: 29    Spells: 3/59 levels left

rFire   + + .        L - staff of the Scavenger {rC+ Ice Earth}
rCold   + + .        y - +8 tower shield {rC+}
rNeg    + . .        T - +8 gold dragon scales
rPois   +            (helmet unavailable)
rElec   +            F - +2 cloak {Will+}
rCorr   .            u - +1 pair of gloves
SInv    +            Q - +3 pair of mountain boots {steadfast, rC+}
Will    +++..        H - amulet of Vitality {RegenMP++ Regen++} Stlth
                     I - +5 ring of evasion
HPRegen 2.13/turn    A - ring "Zedim" {Fire rElec rPois rN+}
MPRegen 1.06/turn

%: no passive effects
@: confused, ambrosia-drunk, studying Summonings, invisible, corroded, very slow
A: permanent stasis, dig shafts and tunnels, antennae 3, four strong arms,
iridescent scales 1, frail 1, low MP 1, weak 1, cold vulnerability 1, subdued
magic 2, MP-powered wands
}: 5/15 runes: decaying, slimy, silver, abyssal, gossamer
a: Dig, Shaft Self, Renounce Religion, Bend Time, Temporal Distortion, Slouch,
Step From Time


You were on level 4 of the Iron City of Dis.
You worshipped Cheibriados.
Cheibriados was exalted by your worship.
You visited 13 branches of the dungeon, and saw 59 of its levels.
You visited the Abyss 1 time.
You visited 1 bazaar.
You also visited: Bailey and Ice Cave.

You collected 9596 gold pieces.
You spent 3769 gold pieces at shops.

Inventory:

Hand Weapons
 n - the +8 trishula "Condemnation" {holy, anguish, *Noise Fly rN+}
   (You took it off an ironbound preserver on level 5 of the Vaults)

   rN+:       It protects you from negative energy.
   Fly:       It grants you flight.
   *Noise:    It may make a loud noise when swung.
Missiles
 U - 2 curare-tipped darts
Armour
 f - the +8 chain mail of the Garden {rC+ rCorr Int+3 Dex-3}
   (You found it on level 10 of the Dungeon)

   Int+3:     It affects your intelligence (+3).
   Dex-3:     It affects your dexterity (-3).
   rC+:       It protects you from cold.
   rCorr:     It protects you from acid and corrosion.
 l - a scarf of resistance
 u - a +1 pair of gloves (worn)
 y - a +8 tower shield of cold resistance (worn)
 F - a +2 cloak of willpower (worn)
 Q - the +3 pair of mountain boots (worn) {steadfast, rC+}
   (You found it on level 3 of the Elven Halls)

   Steadfast: It prevents involuntary movement, except for blinking,
   teleportation, or banishment.
   rC+:       It protects you from cold.
 T - +8 gold dragon scales (worn)
Magical Staves
 v - the staff of Okawaru {Will++ Dex-2 Earth}
   (You found it in an ice cave)

   [staff of earth]

   Base accuracy: +5 Base damage: 5 Base attack delay: 1.2 This weapon's minimum
   attack delay (0.6) is reached at skill level 12.
   Dex-2:     It affects your dexterity (-2).
   Will++:    It greatly increases your willpower.
   Earth:     It increases the power of your Earth spells.
   It falls into the 'Staves' category.
   It is a weapon for one hand-pair.
 L - the staff of the Scavenger (weapon) {rC+ Ice Earth}
   (You found it on level 3 of the Crypt)

   [staff of earth]

   Base accuracy: +5 Base damage: 5 Base attack delay: 1.2 This weapon's minimum
   attack delay (0.6) is reached at skill level 12.
   rC+:       It protects you from cold.
   Ice:       It increases the power of your Ice spells.
   Earth:     It increases the power of your Earth spells.
   It falls into the 'Staves' category.
   It is a weapon for one hand-pair.
Jewellery
 c - a ring of resist corrosion
 h - a ring of protection from cold
 w - a ring of positive energy
 x - the ring "Keirgh" {Ice rN++}
   (You took it off Josephina on level 2 of the Crypt)

   [ring of ice]

   Ice:       It enhances your ice magic.
   rF-:       It makes you vulnerable to fire.
   rC+:       It protects you from cold.
   rN++:      It greatly protects you from negative energy.
 A - the ring "Zedim" (right hand) {Fire rElec rPois rN+}
   (You took it off a deep elf sorcerer on level 3 of the Elven Halls)

   [ring of fire]

   Fire:      It enhances your fire magic.
   rF+:       It protects you from fire.
   rC-:       It makes you vulnerable to cold.
   rElec:     It insulates you from electricity.
   rPois:     It protects you from poison rN+: It protects you from negative
   energy.
 B - a ring of wizardry
 H - the amulet of Vitality (around neck) {RegenMP++ Regen++}
   (You found it on level 5 of the Vaults)

   [amulet of magic regeneration]

   RegenMP:   It increases your rate of magic regeneration.
   Regen++:   It increases your rate of health regeneration.
 I - a +5 ring of evasion (left hand)
 J - a ring of positive energy
 K - the ring "Fifuut" {Fly Str-3 Int+3 Slay+4}
   (You took it off a deep elf death mage on level 3 of the Elven Halls)

   [ring of slaying]

   Str-3:     It affects your strength (-3).
   Int+3:     It affects your intelligence (+3).
   Slay+4:    It affects your accuracy & damage with ranged weapons and melee
   (+4).
   Fly:       It grants you flight.
 X - a ring of protection from cold
 Z - a ring of protection from fire
Talismans
 z - a talisman of death
Wands
 p - a wand of flame (109)
 C - a wand of iceblast (78)
 N - a wand of digging (42)
 O - a wand of acid (32)
Scrolls
 a - 7 scrolls of fog
 e - 12 scrolls of immolation
 m - 8 scrolls of revelation
 o - 6 scrolls of poison
 q - 7 scrolls of butterflies
 G - 11 scrolls of fear
 P - 3 scrolls of silence
 R - 7 scrolls of amnesia
Potions
 b - 5 potions of magic
 g - 4 potions of resistance
 i - 9 potions of mutation
 j - 8 potions of ambrosia
 r - 3 potions of cancellation
 s - 9 potions of brilliance
 t - 12 potions of enlightenment
 D - 11 potions of curing
 E - 13 potions of might
 M - a potion of invisibility
 V - 6 potions of attraction
 W - 4 potions of heal wounds
Miscellaneous
 d - a phantom mirror


   Skills:
 + Level 19.4 Fighting
 + Level 10.4 Staves
 O Level 27 Armour
 + Level 13.3 Dodging
 - Level 2.4 Stealth
 - Level 20.0 Shields
 + Level 16.8 Spellcasting
 * Level 17.5 Conjurations
 - Level 4.0 Hexes
 - Level 12.0 Summonings
 - Level 8.0 Necromancy
 * Level 24.9 Earth Magic
 - Level 12.0 Alchemy
 - Level 14.0 Invocations
 - Level 2.0 Evocations


You had 3 spell levels left.
You knew the following spells:

 Your Spells              Type           Power      Damage    Failure   Level
b - Passwall              Erth           100%       N/A       0%          3
c - Lehudib's Crystal Sp  Conj/Erth      58%        10d14     4%          8
d - Bombard               Conj/Erth      58%        9d10      1%          6
e - Lee's Rapid Deconstr  Erth           62%        3d29*     0%          5
f - Eringya's Noxious Bo  Alch           36%        4d6       4%          6
g - Animate Armour        Summ/Erth      100%       N/A       0%          4
h - Ignite Poison         Fire/Alch      70%        N/A       3%          4
i - Irradiate             Conj/Alch      40%        3d25      1%          5
j - Yara's Violent Unrav  Hex/Alch       30%        3d13      4%          5
s - Sublimation of Blood  Necr           60%        N/A       1%          2
v - Spellforged Servitor  Conj/Summ      40%        N/A       10%         7
z - Apportation           Tloc           44%        N/A       4%          1

Your spell library contained the following spells:

 Spells                   Type           Power      Damage    Failure   Level
 Kiss of Death            Conj/Necr      100%       2d13      0%          1
 Magic Dart               Conj           100%       1d8       0%          1
 Sandblast                Erth           100%       2d20      0%          1
 Sting                    Conj/Alch      100%       1d9       0%          1
 Stone Arrow              Conj/Erth      100%       3d13      0%          3
 Foxfire                  Conj/Fire      100%       2x1d9     1%          1
 Shock                    Conj/Air       100%       1d9       1%          1
 Slow                     Hex            100%       N/A       1%          1
 Call Imp                 Summ           100%       N/A       1%          2
 Cigotuvi's Dreadful Rot  Necr/Alch/Air  100%       N/A       1%          2
 Jinxbite                 Hex            88%        N/A       1%          2
 Static Discharge         Conj/Air       100%       3-8/arc   1%          2
 Call Canine Familiar     Summ           72%        N/A       1%          3
 Dazzling Flash           Conj/Hex       100%       N/A       1%          3
 Fugue of the Fallen      Necr           60%        N/A       1%          3
 Hailstorm                Conj/Ice       81%        3d14      1%          3
 Summon Ice Beast         Ice/Summ       70%        N/A       1%          3
 Vampiric Draining        Necr           60%        2d10      1%          3
 Ensorcelled Hibernation  Hex/Ice        98%        N/A       2%          2
 Confusing Touch          Hex            44%        N/A       2%          3
 Sigil of Binding         Hex            44%        N/A       2%          3
 Tukima's Dance           Hex            44%        N/A       2%          3
 Inner Flame              Hex/Fire       49%        N/A       6%          3
 Lesser Beckoning         Tloc           44%        N/A       7%          2
 Scorch                   Fire           66%        2d7       7%          2
 Frozen Ramparts          Ice            66%        1d10      16%         3
 Gell's Gravitas          Tloc           22%        N/A       16%         3
 Ozocubu's Armour         Ice            33%        N/A       16%         3
 Teleport Other           Tloc           22%        N/A       16%         3
 Volatile Blastmotes      Fire/Tloc      66%        2d15      16%         3
 Brom's Barrelling Bould  Conj/Erth      100%       2d11      0%          4
 Leda's Liquefaction      Alch/Erth      55%        N/A       0%          4
 Petrify                  Alch/Erth      100%       N/A       0%          4
 Dispel Undead            Necr           60%        3d21      1%          4
 Flame Wave               Conj/Fire      81%        2d18      1%          4
 Fulminant Prism          Conj/Alch      40%        3d19      1%          4
 Iskenderun's Mystic Bla  Conj/Tloc      62%        2d13      1%          4
 Alistair's Intoxication  Alch           48%        N/A       1%          5
 Iskenderun's Battlesphe  Conj           86%        2d13      1%          5
 Orb of Destruction       Conj           43%        9d12      2%          7
 Anguish                  Hex/Necr       26%        N/A       3%          4
 Sticky Flame             Fire/Alch      70%        2d11      3%          4
 Summon Lightning Spire   Summ/Air       53%        N/A       3%          4
 Arcjolt                  Conj/Air       31%        1d41      3%          5
 Fireball                 Conj/Fire      40%        3d16      3%          5
 Curse of Agony           Necr           60%        N/A       4%          5
 Summon Mana Viper        Hex/Summ       60%        N/A       4%          5
 Summon Cactus Giant      Summ           36%        N/A       4%          6
 Cause Fear               Hex            22%        N/A       10%         4
 Summon Forest            Summ/Tloc      26%        N/A       12%         5
 Freezing Cloud           Conj/Ice/Air   34%        6-21      13%         5
 Dimensional Bullseye     Hex/Tloc       16%        N/A       22%         4
 Conjure Ball Lightning   Conj/Air       31%        3x3d10    22%         6
 Starburst                Conj/Fire      40%        6d12      22%         6
 Monstrous Menagerie      Summ           36%        N/A       32%         7
 Summon Hydra             Summ           36%        N/A       32%         7
 Airstrike                Air            11%        2d(2-18)  47%         4
 Manifold Assault         Tloc           22%        N/A       47%         4
 Passage of Golubria      Tloc           22%        N/A       47%         4
 Metabolic Englaciation   Hex/Ice        24%        N/A       56%         5
 Silence                  Hex/Air        16%        N/A       56%         5
 Sculpt Simulacrum        Ice/Alch       35%        N/A       58%         6
 Summon Horrible Things   Summ           36%        N/A       96%         8
 Malign Gateway           Summ/Tloc      26%        N/A       99%         7
 Dispersal                Tloc           11%        N/A       100%        6
 Plasma Beam              Fire/Air       16%        2x1d28    100%        6
 Enfeeble                 Hex            22%        N/A       100%        7
 Disjunction              Tloc           11%        N/A       100%        8
 Infestation              Necr           30%        N/A       100%        8
 Maxwell's Capacitive Co  Air            11%        ∞         100%        8
 Death's Door             Necr           30%        N/A       100%        9
 Dragon's Call            Summ           36%        N/A       100%        9
 Fire Storm               Conj/Fire      40%        8d10      100%        9
 Blink                    Tloc           Unusable   N/A       N/A         2
 Swiftness                Air            Unusable   N/A       N/A         3

Dungeon Overview and Level Annotations

Branches:
Dungeon (15/15)            Temple (0/1) D:6            Lair (5/5) D:8
  Swamp (4/4) Lair:2       Spider (4/4) Lair:2        Slime (5/5) Lair:5
    Orc (2/2) D:9             Elf (3/3) Orc:2        Vaults (5/5) D:13
  Crypt (3/3) Vaults:2       Tomb (0/3) Crypt:3      Depths (4/4) D:15
   Hell (visited)             Dis (4/7) Hell            Geh (0/7) Hell
    Coc (0/7) Hell            Tar (0/7) Hell            Zot (4/5) Depths:4
 Bailey (visited)           IceCv (visited)

Altars:
Ashenzari
Cheibriados
Elyvilon
Gozag
Hepliaklqana
Kikubaaqudgha
Nemelex Xobeh
Ru
Sif Muna
Trog
Uskayaw
Vehumet
Xom
Yredelemnul

Shops:
D:4 ?([   D:10 :   D:11 ?   Orc:2 :(*[   Elf:1 [   Elf:2 =   Elf:3 *
Vaults:5 =   Zot:3 *   Depths:1 ?*[*

Portals:
Hell: Depths:1 Depths:2 Depths:3 Depths:4
Abyss: Lair:3 Depths:3
Pandemonium: Depths:2 Depths:3
Ziggurat: Depths:4

Annotations:
Lair:3 2 transporters, Pihasti's ghost, journeyman DsDe
Elf:2 3 runed translucent doors


Innate Abilities, Weirdness & Mutations

You cannot be hasted, slowed, berserked, paralysed or teleported.
You can dig through walls and to a lower floor.
You have a pair of large antennae on your head. (SInv)
Your four strong arms can wield two-handed weapons with a shield.
You are partially covered in iridescent scales. (AC +2)
You are frail. (-10% HP)
Your magical capacity is low. (-10% MP)
You are weak. (Str -2)
You are vulnerable to cold. (rC-)
Your spells are easier to cast, but less powerful.
You expend magic power (3 MP) to strengthen your wands.


Message History

The iron golem hits you!
* * * LOW HITPOINT WARNING * * *
You block the iron golem's attack.
Your animated gold dragon scales hits the Hell Sentinel.
Your animated gold dragon scales hits the Hell Sentinel!!!
Unknown command.
You fade into invisibility!
The iron golem closely misses you. The iron golem hits you!
* * * LOW HITPOINT WARNING * * *
The Hell Sentinel gestures at you.
The iron shot hits your animated gold dragon scales!!
The iron golem hits you but does no damage.
You block the iron golem's attack.
Your animated gold dragon scales hits the Hell Sentinel!!
Your animated gold dragon scales hits the Hell Sentinel!!!
The Hell Sentinel dies!
Cheibriados appreciates the change of pace.
Okay, then.
Okay, then.
Casting: Sublimation of Blood (safe; 1% risk of failure)
Confirm with . or Enter, or press ? or * to list all spells.
Aiming: Lehudib's Crystal Spear (dangerous; 4% risk of failure)
Press: ? - help, Shift-Dir - straight line, f - iron golem
Aim: an iron golem (unable to see you, ally target, 94% to hit)
You feel a surge of power!
The crystal spear hits the iron golem!!!
The iron golem is moderately damaged.
Your spellforged servitor gestures at the iron golem while chanting.
The crystal spear hits the iron golem!!!
The iron golem hits you!
* * * LOW HITPOINT WARNING * * *
You block the iron golem's attack. x3
Your animated gold dragon scales hits the iron golem!!!
Your animated gold dragon scales hits the iron golem.
You are confused.
You feel invigorated. The iron golem closely misses you.
The iron golem hits you!!
* * * LOW HITPOINT WARNING * * *
The iron golem hits you!
You die...

#.#
#......
#.#
###...#
#.## ##.##
#..# ###{
#..# #..##
{ ###.).#
{{
##.[...#
##@9)..##
{
##..9..##
#.9..### {
#.).##
#..##,,,,,
{
#..'.9†r.
#..######
#... #...#


You could see 2 iron golems, a friendly spellforged servitor (summoned) and a
friendly animated gold dragon scales (summoned).

Vanquished Creatures
  the Royal Jelly (Slime:5)
  A dread lich (Dis:4)
  Khufu (Crypt:3)
  An ancient lich (Crypt:3)
  Josephina (Crypt:2)
  Boris (Depths:4)
  5 curse toes
  8 caustic shrikes
  Geryon (Hell)
  3 golden dragons
  A bone dragon (Depths:4)
  13 tentacled monstrosities
  A shard shrike skeleton (Crypt:2)
  5 Hell Sentinels
  4 hellephants
  A tainted leviathan (Depths:3)
  3 titans
  A walking crystal tome (Depths:4)
  5 liches
  2 deep elf blademasters
  Asterion (Vaults:3)
  3 deep elf master archers
  An iron dragon (shapeshifter) (Zot:1)
  6 sphinxes
  4 quicksilver dragons
  7 tentacled starspawn
  25 acid blobs
  Gastronok (D:12)
  19 ancient champions
  4 death cobs
  Agnes (D:14)
  3 tengu reavers (Vaults:5)
  15 rockslimes
  10 fire giants
  11 storm dragons
  Donald (Crypt:1)
  An acid blob (shapeshifter) (Zot:1)
  2 revenants
  9 shadow dragons
  3 draconian knights
  9 azure jellies
  5 protean progenitors
  2 daevas (Depths:3)
  2 draconian shifters
  4 iron dragons
  4 draconian monks
  5 curse skulls
  4 ghost moths
  6 deep elf sorcerers
  12 quicksilver elementals
  6 draconian scorchers
  2 balrugs (Depths:2)
  A frost giant (Depths:3)
  6 vault wardens
  6 reapers (Hell)
  A deep elf elementalist (Elf:3)
  4 draconian stormcallers
  A cacodemon (Abyss:1)
  An angel (Depths:4)
  A very ugly thing (shapeshifter) (Zot:1)
  8 ghouls
  4 vampire knights
  A spriggan defender (Depths:4)
  4 broodmothers (Spider:4)
  2 draconian annihilators
  7 formless jellyfish
  8 quicksilver oozes
  2 caustic shrike skeletons (Crypt:1)
  16 ironbound preservers
  A fenstrider witch (shapeshifter) (Zot:1)
  5 ironbound thunderhulks
  A starflower (Abyss:3)
  7 deep elf demonologists
  3 black draconians
  10 deep elf death magi
  3 deep elf annihilators
  3 lorocyprocas
  9 yellow draconians
  10 stone giants
  8 very ugly things
  An eleionoma (Swamp:1)
  22 war gargoyles
  5 white draconians
  10 purple draconians
  6 green draconians
  2 dire elephants (Vaults:1)
  7 red draconians
  A putrid mouth (Hell)
  6 spark wasps
  7 bunyips
  An acid blob zombie (Crypt:1)
  3 eidola
  A blizzard demon (Depths:3)
  3 iron golems (Dis:4)
  8 ettins
  5 fire dragons
  2 crystal guardians (Vaults:3)
  8 jiangshi
  2 entropy weavers
  A green death (Abyss:3)
  A spriggan zombie (Hell)
  3 deep elf high priests
  12 yaktaur captains
  2 fenstrider witch zombies
  9 great orbs of eyes
  6 hydras
  4 ice dragons
  3 caustic shrike simulacra
  5 ogre magi (Vaults:5)
  10 rakshasas
  27 vault guards
  10 centaur warriors
  6 alligators
  7 ironbound frosthearts
  3 peacekeepers
  5 spriggan air magi
  A quicksilver dragon skeleton (Crypt:3)
  A jorogumo (Spider:2)
  A ghost crab (Swamp:2)
  3 radroaches (Zot:1)
  14 dancing weapons
  A death knight (Crypt:2)
  Erica (D:9)
  16 two-headed ogres
  A two-headed ogre (shapeshifter) (Vaults:5)
  3 boulder beetles
  5 death yaks
  8 deep troll earth magi
  7 deep troll shamans
  5 tengu warriors
  A demonic crawler (Spider:1)
  3 orc high priests (Abyss:3)
  9 hell hogs
  5 vampire magi
  5 spriggan berserkers
  An occultist (D:15)
  A soul eater (Crypt:3)
  A shock serpent (shapeshifter) (Vaults:2)
  A sun demon (Hell)
  4 hell knights (Depths:1)
  7 thrashing horrors
  A titan skeleton (Crypt:3)
  10 deep elf knights
  5 wretched stars
  4 crystal echidnas
  3 goliath frogs
  7 iron trolls
  A sixfirhy (Depths:3)
  A storm dragon skeleton (Crypt:2)
  2 skysharks
  27 skeletal warriors
  7 pharaoh ants
  2 cherubim (Depths:3)
  A mana viper (Abyss:3)
  2 spriggan druids
  3 glowing orange brains
  8 orb spiders
  4 flayed ghosts
  81 deep trolls
  A shadow demon (Abyss:3)
  A ghost moth zombie (Crypt:1)
  5 bog bodies
  An obsidian statue (IceCv)
  A swamp dragon (Swamp:4)
  9 deep elf archers
  6 large abominations
  4 spriggan simulacra
  11 ironbound convokers
  A bunyip skeleton (Crypt:3)
  An orange crystal statue (Depths:4)
  2 phantasmal warriors
  8 lindwurms
  An iron giant skeleton (Crypt:3)
  4 harpies (Vaults:5)
  21 deep elf pyromancers
  2 orc knights
  5 arcanists
  16 wolf spiders
  An alligator zombie (Crypt:3)
  10 necromancers
  11 shining eyes
  2 cyclopes (D:12)
  20 deep elf zephyrmancers
  3 orc sorcerers (Orc:2)
  4 will-o-the-wisps
  18 ugly things
  A moth of wrath (shapeshifter) (Depths:4)
  An elephant (shapeshifter) (Elf:2)
  16 moths of wrath
  2 meliai (Spider:4)
  3 manticores
  11 vault sentinels
  An elephant (Lair:4)
  A worldbinder (Abyss:2)
  A black mamba (Lair:4)
  2 centaur zombies
  5 rust devils
  A stone giant skeleton (Vaults:3)
  10 apocalypse crabs
  A mana viper zombie (Crypt:2)
  A titan simulacrum (Vaults:3)
  2 molten gargoyles (Hell)
  6 gargoyles
  3 orange demons (Abyss:1)
  6 torpor snails
  12 smoke demons
  14 cane toads
  Jeremiah (D:6)
  4 eyes of devastation
  11 komodo dragons
  6 hellions
  Maggie (D:9)
  4 unseen horrors
  4 kobold demonologists
  7 freezing wraiths
  A bunyip simulacrum (Hell)
  A white draconian zombie (Crypt:2)
  A tengu conjurer (Depths:2)
  5 guardian mummies (Crypt:3)
  19 yaktaurs
  5 tormentors
  A queen bee (Lair:1)
  4 trolls
  A hydra zombie (Crypt:3)
  5 ancient zymes
  A grey draconian skeleton (Crypt:3)
  9 hornets
  4 tyrant leeches
  A red devil (Hell)
  A wolf spider simulacrum (D:14)
  2 polar bears (Lair:5)
  A harpy zombie (Crypt:1)
  22 tarantellas
  A bloated husk (Swamp:2)
  5 blink frogs (Lair:5)
  An alligator simulacrum (Swamp:3)
  An ettin zombie (Crypt:3)
  2 harpy skeletons
  A raiju (Abyss:3)
  5 glass eyes
  A stone giant simulacrum (Depths:1)
  9 dream sheep
  An iron dragon simulacrum (Depths:1)
  31 jumping spiders
  A wyvern (D:8)
  A centaur simulacrum (Hell)
  10 water elementals
  5 wraiths
  95 slime creatures
  14 spriggans
  21 culicivoras
  Sigmund (D:6)
  2 black mamba zombies (Crypt:1)
  2 dire elephant simulacra (Swamp:3)
  3 vampires
  8 fire elementals
  5 ynoxinuls
  8 starcursed masses (Abyss:4)
  A wind drake zombie (Crypt:3)
  4 basilisks
  6 golden eyes
  A naga simulacrum (Crypt:2)
  2 black mamba skeletons (Crypt:1)
  15 yaks
  2 redbacks (shapeshifter) (Depths:2)
  A yaktaur simulacrum (Vaults:3)
  A fire bat (shapeshifter) (Elf:3)
  8 vampire mosquitoes
  6 minotaur simulacra
  A catoblepas simulacrum (Crypt:2)
  2 neqoxecs (Abyss:3)
  A warg (Orc:2)
  40 redbacks
  4 steam dragons
  An acid dragon (Lair:4)
  2 chaos spawn
  Edmund (D:4)
  3 harpy simulacra
  6 swamp worms
  A fire bat zombie (Crypt:2)
  A two-headed ogre skeleton (Crypt:2)
  6 water moccasins
  3 swamp drakes (Swamp:4)
  2 nameless horrors
  23 orc warriors
  2 ice beasts
  A lindwurm zombie (Crypt:1)
  6 small abominations
  5 black bears
  28 laughing skulls
  9 ogres
  4 wolves
  2 sky beasts (D:7)
  A lindwurm skeleton (Crypt:2)
  10 boggarts
  10 centaurs
  A phantom (D:7)
  A komodo dragon zombie (Crypt:2)
  A gnoll sergeant (D:13)
  A kobold brigand (D:8)
  10 bullfrogs
  A wyvern zombie (Crypt:3)
  4 necrophages
  6 earth elementals
  4 scorpions
  2 deep troll simulacra
  A raiju zombie (Crypt:1)
  A water moccasin skeleton (Crypt:3)
  9 wights (D:7)
  29 killer bees
  A raiju skeleton (Crypt:1)
  A shapeshifter skeleton (Crypt:1)
  4 howler monkeys
  An electric eel (Lair:5)
  4 hounds
  4 lava snakes (D:14)
  A quasit (Abyss:3)
  2 bombardier beetles
  9 jellies (Slime:2)
  17 orc priests
  An iron imp (Abyss:1)
  A sleepcap (D:6)
  24 orc wizards
  11 hell rats
  A brain worm zombie (Crypt:2)
  10 mummies (Crypt:3)
  15 gnolls
  2 river rats (Lair:1)
  13 adders
  3 shadow imps
  2 white imps
  An ufetubus (Abyss:3)
  An adder zombie (Crypt:3)
  A dart slug (D:4)
  3 ribbon worms
  60 orcs
  6 ball pythons
  2 bats
  7 endoplasms
  4 giant cockroaches
  9 goblins
  7 hobgoblins
  3 jackals (D:1)
  3 quokkas
  4 frilled lizards
  30 kobolds
  4 rats
  2 aspiring fleshes (Zot:1)
  2 boulders (Elf:3)
  2 spectral weapons
  7 starspawn tentacles
2071 creatures vanquished.

Vanquished Creatures (collateral kills)
  An ancient lich (Vaults:4)
  A juggernaut (Depths:1)
  the Lernaean hydra (Swamp:4)
  A curse toe (Zot:2)
  2 Killer Klowns (Zot:4)
  4 golden dragons
  4 tentacled monstrosities
  A hellephant (Depths:2)
  An iron giant (Dis:4)
  A walking crystal tome (Depths:2)
  3 Hell Sentinels
  A walking earthen tome (Depths:2)
  4 quicksilver dragons
  A titan (Depths:2)
  An ancient champion (Dis:2)
  2 death cobs
  5 sphinxes
  A tentacled starspawn (Abyss:3)
  6 shadow dragons
  3 tengu reavers
  A protean progenitor (Zot:1)
  Aizul (Vaults:1)
  2 draconian monks
  2 rockslimes
  2 draconian knights
  2 draconian shifters
  The ghost of YordlordTheGreat the Convoker, an adept MfSu of Sif Muna (Spider:3)
  6 storm dragons
  4 fire giants
  3 quicksilver elementals
  2 frost giants
  2 deep elf sorcerers (Elf:3)
  4 iron dragons
  A ghost moth (Spider:1)
  2 vault wardens (Vaults:1)
  5 draconian scorchers
  2 orc warlords
  An emperor scorpion (Spider:4)
  A deep elf elementalist (Elf:3)
  3 broodmothers (Spider:4)
  4 very ugly things
  2 draconian stormcallers
  3 ghouls (Crypt:2)
  2 reapers
  3 quicksilver oozes
  A spriggan defender (Depths:4)
  2 draconian annihilators
  6 stone giants
  4 ironbound preservers
  2 formless jellyfish
  4 green draconians
  3 deep elf death magi (Elf:3)
  4 black draconians
  3 deep elf demonologists
  4 putrid mouths
  A dire elephant (Vaults:1)
  4 eleionomae
  An ironbound thunderhulk (Vaults:1)
  6 red draconians
  5 deep elf annihilators (Elf:3)
  3 yellow draconians
  4 spark wasps
  3 purple draconians
  6 bunyips
  2 white draconians (Zot:1)
  A war gargoyle (Hell)
  Snorg (D:12)
  4 ettins
  10 iron golems
  An eidolon (Crypt:2)
  3 blizzard demons
  2 shambling mangroves
  2 yaktaur captains (Vaults:1)
  3 entropy weavers
  A deep elf high priest (Elf:3)
  The ghost of Azzok the Grappler, a journeyman TrSh (D:10)
  6 fire dragons
  2 jiangshi (Crypt:2)
  6 vault guards
  2 great orbs of eyes
  11 hydras
  8 ice dragons
  A rakshasa (Depths:2)
  An ironbound frostheart (Vaults:2)
  2 jorogumos
  A spriggan air mage (Depths:2)
  8 alligators
  A vampire mage (Depths:1)
  4 radroaches
  3 death knights
  13 death yaks
  18 dancing weapons
  3 tengu warriors
  2 boulder beetles (Spider:3)
  A deep troll shaman (Depths:1)
  6 demonic crawlers
  4 orc high priests
  A spriggan berserker (Depths:2)
  5 deep troll earth magi
  2 two-headed ogres (D:10)
  An occultist (Depths:1)
  5 spriggans
  A thrashing horror (Abyss:4)
  3 soul eaters
  A sun demon (Depths:3)
  4 deep elf knights
  5 iron trolls
  4 hell knights
  4 skeletal warriors (D:15)
  A wretched star (Abyss:3)
  3 pharaoh ants (Spider:4)
  A cherub (Depths:2)
  2 goliath frogs
  17 deep trolls
  A flayed ghost (Depths:4)
  A spriggan druid (Swamp:1)
  A snapping turtle (shapeshifter) (Depths:3)
  2 lindwurms (Vaults:1)
  3 glowing orange brains
  A sun moth (Spider:4)
  2 orb spiders
  2 deep elf archers
  11 swamp dragons
  6 spriggan simulacra (IceCv)
  3 bog bodies
  2 arcanists
  2 ironbound convokers (Vaults:1)
  2 phantasmal warriors
  4 deep elf pyromancers
  3 orc knights (Orc:2)
  5 steelbarb worms
  A necromancer (Depths:1)
  19 ugly things
  A cyclops (D:11)
  4 deep elf zephyrmancers
  3 orc sorcerers
  A jorogumo skeleton (Crypt:1)
  A worldbinder (Abyss:3)
  A manticore (D:11)
  5 wolf spiders
  9 moths of wrath
  7 elephants (Lair:4)
  2 large abominations
  3 rust devils (Depths:3)
  A meliai (Spider:4)
  5 vault sentinels
  8 cane toads
  2 torpor snails
  A black mamba (Lair:3)
  A water nymph (shapeshifter) (Depths:2)
  2 smoke demons
  A hellion (Dis:3)
  A kobold demonologist (D:12)
  A tengu conjurer (Depths:2)
  6 yaktaurs (Vaults:1)
  7 freezing wraiths
  An anaconda simulacrum (IceCv)
  2 golden dragon simulacra (IceCv)
  3 komodo dragons
  7 ice devils (IceCv)
  An ancient zyme (Abyss:4)
  A sea snake zombie (Crypt:3)
  A troll (D:11)
  A queen bee (shapeshifter) (D:15)
  4 tyrant leeches
  5 tarantellas
  6 hornets
  3 blink frogs (Lair:5)
  An alligator simulacrum (IceCv)
  A harpy skeleton (Hell)
  9 dream sheep
  2 jumping spiders
  7 culicivoras
  18 slime creatures
  A water elemental (Elf:2)
  A wyvern (Lair:5)
  A basilisk (Lair:3)
  2 fire elementals (D:14)
  A golden eye (Slime:5)
  3 humans (D:13)
  49 yaks
  A wraith (D:13)
  2 wargs (Elf:2)
  4 minotaur simulacra (IceCv)
  12 redbacks
  4 vampire mosquitoes
  4 harpy simulacra (IceCv)
  3 swamp worms
  A hydra simulacrum (IceCv)
  5 water moccasins
  2 acid dragons (Lair:4)
  A glowing shapeshifter skeleton (Depths:1)
  2 swamp drakes (Swamp:4)
  A black bear (D:6)
  9 orc warriors
  A laughing skull (Abyss:3)
  6 wolves
  A centaur (D:13)
  4 bullfrogs
  A necrophage (Crypt:2)
  7 deep troll simulacra (IceCv)
  2 lindwurm simulacra (IceCv)
  An orc priest (Orc:1)
  A starcursed mass (Abyss:4)
  2 hell rats
  6 orc wizards
  3 river rats (Lair:1)
  17 orcs
  5 kobolds
  A quokka skeleton (Crypt:1)
  6 boulders
  A butterfly (Lair:4)
  A starspawn tentacle (Abyss:4)
757 creatures vanquished.

Vanquished Creatures (others)
  2 fire giants
  A black draconian (Zot:4)
  A quicksilver dragon skeleton (Hell)
  A hydra (Swamp:4)
  A deep elf knight (Elf:2)
  A swamp dragon (Swamp:4)
  A deep elf archer (Elf:2)
  2 deep elf pyromancers
  2 deep elf zephyrmancers (Elf:1)
  4 bloated husks
  A centaur simulacrum (Crypt:2)
  A ynoxinul (Abyss:3)
  A yak (Lair:5)
  2 swamp drakes (Swamp:4)
  A human (D:4)
  A boggart (Elf:1)
  A hell rat (Hell)
  A gnoll (Bailey)
  10 boulders
  13 foxfires
  15 starspawn tentacles
63 creatures vanquished.

Grand Total: 2891 creatures vanquished

Notes
Turn   | Place    | Note
-------+----------+-------------------------------------------
     0 | D:1      | Bnni the Formicid Earth Elementalist began the quest for
                  | the Orb.
     0 | D:1      | Reached XP level 1. HP: 13/13 MP: 3/3
    28 | D:1      | Reached skill level 1 in Conjurations
   261 | D:1      | Reached XP level 2. HP: 20/20 MP: 1/5
   664 | D:1      | Reached XP level 3. HP: 25/25 MP: 4/6
   668 | D:1      | Learned a level 3 spell: Passwall
   919 | D:2      | Reached skill level 1 in Fighting
  1294 | D:2      | Found a faded altar of an unknown god.
  1609 | D:2      | Reached XP level 4. HP: 32/32 MP: 5/7
  1931 | D:2      | Learned a level 3 spell: Stone Arrow
  2332 | D:3      | Found a broken altar of Ashenzari.
  2513 | D:3      | Reached XP level 5. HP: 37/37 MP: 5/8
  2707 | D:3      | Reached skill level 5 in Earth Magic
  2929 | D:4      | Noticed Edmund
  2938 | D:4      | Killed Edmund
  2939 | D:4      | Reached XP level 6. HP: 23/46 MP: 7/10
  3063 | D:4      | Reached XP level 7. HP: 51/51 MP: 9/12
  3135 | D:4      | Found Ulu Xia's Antique Weapon Shop.
  3185 | D:4      | Found Gusotwit's Armour Shop.
  3185 | D:4      | Found Voczurch's Magic Scroll Shop.
  3280 | D:4      | Found an ancient bone altar of Kikubaaqudgha.
  3281 | D:4      | Noticed a human
  3284 | D:4      | Killed a human
  3311 | D:4      | Found a sparkling altar of Nemelex Xobeh.
  3422 | D:4      | Found a snail-covered altar of Cheibriados.
  3629 | D:4      | Became a worshipper of Cheibriados the Contemplative
  3772 | D:5      | Entered Level 5 of the Dungeon
  4018 | D:5      | Reached skill level 1 in Invocations
  4156 | D:5      | Reached * piety under Cheibriados
  4236 | D:5      | Got the Compilation of Sweltering Arcane Combat
  4515 | D:5      | Reached XP level 8. HP: 55/60 MP: 9/14
  4842 | D:6      | Found a staircase to the Ecumenical Temple.
  4908 | D:6      | Identified the +3 falchion of Scorn {venom, Will+ Dex+5
                  | Stlth-}
  5084 | D:6      | Found a shimmering altar of Xom.
  5093 | D:6      | Reached skill level 1 in Shields
  5093 | D:6      | Reached XP level 9. HP: 64/67 MP: 13/16
  5096 | D:6      | Reached skill level 5 in Fighting
  5096 | D:6      | Reached skill level 5 in Spellcasting
  5209 | D:6      | Noticed Jeremiah
  5224 | D:6      | Noticed Sigmund
  5228 | D:6      | Killed Jeremiah
  5230 | D:6      | Killed Sigmund
  5230 | D:6      | Reached ** piety under Cheibriados
  5351 | D:6      | Found a bloodstained altar of Trog.
  5495 | D:6      | Found a hide-covered altar of Uskayaw.
  5784 | D:7      | Reached skill level 5 in Invocations
  5851 | D:7      | Reached skill level 5 in Shields
  5853 | D:7      | Found a flagged portal.
  5862 | D:7      | Reached skill level 10 in Earth Magic
  5862 | D:7      | Reached XP level 10. HP: 68/72 MP: 8/18
  5954 | Bailey   | Entered a bailey
  5959 | Bailey   | Noticed an orc warlord
  6019 | Bailey   | Found a runed translucent gate.
  6021 | Bailey   | Found a runed translucent gate.
  6023 | Bailey   | Found a runed translucent gate.
  6159 | Bailey   | Reached *** piety under Cheibriados
  6262 | D:7      | You fall into a shaft and drop 2 floors!
  6263 | D:9      | Reached XP level 11. HP: 35/81 MP: 15/20
  6314 | D:9      | Reached skill level 1 in Armour
  6316 | D:9      | Noticed a green ugly thing
  6329 | D:9      | Killed a red ugly thing
  6330 | D:9      | Reached skill level 15 in Shields
  6335 | D:9      | Identified the staff "Timaommo" {^Drain rC+ Will- Int+5
                  | Necro Ice}
  6433 | D:9      | Noticed Maggie
  6438 | D:9      | Killed Maggie
  6439 | D:9      | Reached skill level 2 in Armour
  6534 | D:9      | Found a staircase to the Orcish Mines.
  6886 | D:8      | Found a shimmering blue altar of Sif Muna.
  6895 | D:8      | Reached **** piety under Cheibriados
  6927 | D:8      | Found a staircase to the Lair.
  7176 | D:8      | Reached skill level 3 in Armour
  7275 | D:8      | Found a radiant altar of Vehumet.
  7326 | D:8      | Found a sacrificial altar of Ru.
  7711 | D:7      | Reached skill level 4 in Armour
  8153 | D:7      | Noticed a two-headed ogre
  8162 | D:7      | Killed a two-headed ogre
  8371 | D:4      | Bought a scroll of acquirement for 520 gold pieces
  8371 | D:4      | Acquired 508 gold pieces
  8557 | D:9      | Noticed Erica
  8562 | D:9      | Killed Erica
  8562 | D:9      | Reached ***** piety under Cheibriados
  8563 | D:9      | Reached skill level 5 in Armour
  8563 | D:9      | Reached XP level 12. HP: 77/91 MP: 17/21
  9089 | D:9      | Found an opulent altar of Gozag.
  9409 | D:10     | Entered Level 10 of the Dungeon
  9409 | D:10     | Noticed Azzok's ghost (journeyman TrSh)
  9409 | D:10     | Found a transporter.
  9410 | D:10     | Noticed a two-headed ogre
  9410 | D:10     | Noticed a two-headed ogre
  9411 | D:10     | Noticed a two-headed ogre
  9411 | D:10     | Noticed a two-headed ogre
  9412 | D:10     | Found a transporter.
  9412 | D:10     | Identified the +6 giant spiked club "Varo Neo" {freeze, rF+
                  | Int-2 Dex+3}
  9412 | D:10     | Noticed a two-headed ogre
  9441 | D:10     | Learned a level 5 spell: Lee's Rapid Deconstruction
  9446 | D:10     | Learned a level 4 spell: Animate Armour
  9451 | D:10     | Learned a level 4 spell: Brom's Barrelling Boulder
  9524 | D:10     | Found Jaxtain's Book Emporium.
  9539 | D:10     | Reached skill level 1 in Summonings
  9677 | D:10     | Found a white marble altar of Elyvilon.
  9814 | D:10     | Found a hazy altar of Hepliaklqana.
  9814 | D:10     | Found a basalt altar of Yredelemnul.
 10300 | D:11     | Found Wiuvirr's Magic Scroll Shop.
 10305 | D:11     | Reached skill level 6 in Armour
 10313 | D:11     | Bought a scroll of identify for 32 gold pieces
 10313 | D:11     | Bought a scroll of identify for 32 gold pieces
 10313 | D:11     | Bought a scroll of amnesia for 64 gold pieces
 11289 | D:12     | Noticed a two-headed ogre
 11294 | D:12     | Killed a two-headed ogre
 11438 | D:12     | Reached skill level 7 in Armour
 11877 | D:12     | Reached XP level 13. HP: 90/98 MP: 22/22
 11903 | D:12     | Noticed Gastronok
 11907 | D:12     | Killed Gastronok
 12122 | D:12     | Reached ****** piety under Cheibriados
 12315 | D:12     | Noticed Snorg
 12321 | D:12     | Killed Snorg
 12519 | D:13     | Noticed a vault guard
 12554 | D:13     | Reached skill level 8 in Armour
 12618 | D:13     | Killed a vault guard
 12619 | D:13     | Reached skill level 10 in Invocations
 12624 | D:13     | Noticed a vault guard
 12647 | D:13     | Killed a vault guard
 12721 | D:13     | Found a gate to the Vaults.
 12721 | D:13     | Noticed a vault guard
 12721 | D:13     | Noticed a vault guard
 12727 | D:13     | Killed a vault guard
 12731 | D:13     | Killed a vault guard
 13259 | D:13     | Noticed a centaur warrior
 13273 | D:13     | Killed a centaur warrior
 13274 | D:13     | Reached skill level 9 in Armour
 13358 | D:13     | Noticed a centaur warrior
 13371 | D:13     | Killed a centaur warrior
 13719 | D:13     | Noticed a centaur warrior
 13726 | D:13     | Killed a centaur warrior
 14069 | D:14     | Noticed a centaur warrior
 14073 | D:14     | Killed a centaur warrior
 14259 | D:13     | Reached XP level 14. HP: 108/108 MP: 23/23
 14629 | D:14     | Noticed Agnes
 14635 | D:14     | Killed Agnes
 14636 | D:14     | Reached skill level 10 in Armour
 15614 | D:15     | Entered Level 15 of the Dungeon
 15702 | D:15     | Reached skill level 10 in Fighting
 15787 | D:15     | HP: 5/108 [skeletal warrior/+1 halberd of freezing[a death
                  | knight] (1)]
 15787 | D:15     | HP: 2/108 [freezing wraith[a death knight] (3)]
 16114 | Lair:1   | Entered Level 1 of the Lair of Beasts
 16297 | Lair:1   | Reached skill level 11 in Armour
 16622 | Lair:1   | Reached XP level 15. HP: 115/115 MP: 25/25
 17060 | Lair:1   | Reached XP level 16. HP: 122/122 MP: 26/26
 17339 | Lair:2   | Found a hole to the Spider Nest.
 17427 | Lair:2   | Reached skill level 12 in Armour
 17464 | Lair:2   | Reached XP level 17. HP: 116/129 MP: 27/27
 17509 | Lair:2   | Found a staircase to the Swamp.
 18137 | Lair:3   | Found a transporter.
 18150 | Lair:3   | Noticed Pihasti's ghost (journeyman DsDe)
 18292 | Lair:3   | Found a transporter.
 18296 | Lair:3   | Noticed a tentacled starspawn
 18298 | Lair:3   | Found a one-way gate to the infinite horrors of the Abyss.
 19845 | Lair:5   | Entered Level 5 of the Lair of Beasts
 19886 | Lair:5   | Reached skill level 13 in Armour
 20472 | Lair:5   | Reached skill level 14 in Armour
 20580 | Lair:5   | Found a staircase to the Slime Pits.
 20669 | Lair:5   | Reached XP level 18. HP: 131/138 MP: 28/28
 20910 | Lair:5   | Identified the ring "Redgho" {Int+3 Dex+2 SInv}
 20936 | Lair:5   | Got the Discourse on Arson
 21282 | Orc:1    | Entered Level 1 of the Orcish Mines
 21674 | Orc:2    | Entered Level 2 of the Orcish Mines
 22160 | Orc:2    | Found Cudur's General Store.
 22161 | Orc:2    | Found Kaas's Book Boutique.
 22163 | Orc:2    | Found Bulagata's Antique Armour Shop.
 22163 | Orc:2    | Found Kaisaw's Antique Weapon Shop.
 22321 | Orc:2    | Found a staircase to the Elven Halls.
 22591 | Orc:2    | Bought a shiny plate armour for 650 gold pieces
 22784 | Spider:1 | Entered Level 1 of the Spider Nest
 23887 | Spider:1 | Reached skill level 15 in Armour
 24034 | Spider:2 | Reached skill level 15 in Earth Magic
 25247 | Spider:3 | Reached XP level 19. HP: 148/148 MP: 30/30
 25464 | Spider:3 | Found a runed translucent gate.
 25466 | Spider:3 | Found a runed translucent gate.
 25466 | Spider:3 | Found a runed translucent gate.
 25467 | Spider:3 | Noticed YordlordTheGreat's ghost (adept MfSu)
 25477 | Spider:3 | Killed YordlordTheGreat's ghost
 26061 | Spider:4 | Entered Level 4 of the Spider Nest
 26498 | Spider:4 | Reached skill level 16 in Armour
 27872 | Spider:4 | Got a gossamer rune of Zot
 27880 | Spider:4 | Identified the orb of the Robin {mayhem, Rampage rC+ Str+8
                  | Int-4}
 28012 | Swamp:1  | Entered Level 1 of the Swamp
 28013 | Swamp:1  | Upgraded the game from 0.31-a0-1547-g618ab1f346 to
                  | 0.31-a0-1555-g5715333c33
 28475 | Swamp:1  | Reached XP level 20. HP: 158/158 MP: 33/33
 28618 | D:10     | Bought Great Wizards, Vol. VII for 330 gold pieces
 28618 | D:10     | Bought a book of the Moon for 440 gold pieces
 28623 | D:10     | Learned a level 4 spell: Petrify
 28821 | Swamp:1  | Identified the +3 leather armour "Akivu Kocuad" {rF+ rC-
                  | Regen+ Dex+9}
 28944 | Swamp:1  | Got the Papyrus of Frosty Superposition
 29651 | Swamp:2  | Identified the +9 sling of the Throat {speed, rCorr Dex+2}
 29851 | Swamp:2  | Learned a level 2 spell: Sublimation of Blood
 30103 | Swamp:3  | Found a frozen archway.
 30115 | IceCv    | Entered an ice cave
 30248 | IceCv    | Reached skill level 1 in Necromancy
 31509 | IceCv    | Identified the staff of Okawaru {Will++ Dex-2 Earth}
 31511 | IceCv    | Identified the ring "Kyl Yry" {Ice rPois}
 32061 | Swamp:3  | Reached skill level 1 in Evocations
 32510 | Swamp:4  | Entered Level 4 of the Swamp
 32858 | Swamp:4  | Noticed the 27-headed Lernaean hydra
 32875 | Swamp:4  | Killed the 27-headed Lernaean hydra
 32876 | Swamp:4  | Reached skill level 17 in Armour
 32883 | Swamp:4  | Reached skill level 10 in Spellcasting
 33103 | Swamp:4  | Got a decaying rune of Zot
 33848 | D:10     | Reached XP level 21. HP: 166/166 MP: 16/35
 33850 | D:10     | Killed Azzok's ghost
 33856 | D:10     | Identified the +8 chain mail of the Garden {rC+ rCorr Int+3
                  | Dex-3}
 34616 | D:15     | Found a staircase to the Depths.
 34888 | D:15     | Upgraded the game from 0.31-a0-1555-g5715333c33 to
                  | 0.31-a0-1574-g5526595cd0
 34897 | D:15     | Learned a level 8 spell: Lehudib's Crystal Spear
 34898 | Depths:1 | Entered Level 1 of the Depths
 35116 | Depths:1 | Noticed a juggernaut
 35117 | Depths:1 | Reached skill level 5 in Necromancy
 35131 | Depths:1 | Killed a juggernaut
 36078 | Depths:1 | Found Joesolly's Assorted Antiques.
 36081 | Depths:1 | Found Xakhlifi's Antique Armour Boutique.
 36081 | Depths:1 | Found Ohete's Assorted Antiques.
 36087 | Depths:1 | Found Loilecs's Magic Scroll Shop.
 36289 | Vaults:1 | Entered Level 1 of the Vaults
 36392 | Vaults:1 | Reached skill level 10 in Conjurations
 36414 | Vaults:1 | Reached skill level 15 in Fighting
 36584 | Vaults:1 | Identified the staff of the Six Tales {rPois Will+ rCorr
                  | MP-9 Str+3 Alchemy}
 36844 | Vaults:1 | Identified the serpent talisman of Ovidd {rC- Str+5}
 36844 | Vaults:1 | Noticed Aizul
 36859 | Vaults:1 | Killed Aizul
 36860 | Vaults:1 | Reached XP level 22. HP: 38/175 MP: 28/36
 37955 | Vaults:1 | Upgraded the game from 0.31-a0-1574-g5526595cd0 to
                  | 0.31-a0-1581-g41d5ff3e7b
 38467 | Elf:1    | Entered Level 1 of the Elven Halls
 39128 | Elf:1    | Found a runed translucent door.
 39148 | Elf:1    | Reached skill level 1 in Alchemy
 39344 | Elf:1    | Learned a level 5 spell: Irradiate
 39351 | Elf:1    | Learned a level 5 spell: Yara's Violent Unravelling
 39669 | Elf:1    | Found Toycievy's Armour Shop.
 39799 | Elf:1    | Reached skill level 1 in Hexes
 40713 | Elf:2    | Reached skill level 5 in Dodging
 40796 | Elf:2    | Found Zuvedwet's Jewellery Emporium.
 41103 | Elf:2    | Found a runed translucent gate.
 41104 | Elf:2    | Found a runed translucent gate.
 41104 | Elf:2    | Found a runed translucent gate.
 41512 | Elf:3    | Entered Level 3 of the Elven Halls
 41526 | Elf:3    | Reached XP level 23. HP: 182/182 MP: 30/38
 41810 | Elf:3    | Identified the +7 falchion of Winter {pain, Will++ Str+3}
 41816 | Elf:3    | Reached skill level 5 in Alchemy
 41862 | Elf:3    | Found Jeuf's General Store.
 41870 | Elf:3    | Bought a potion of curing for 57 gold pieces
 41932 | Elf:3    | Reached skill level 18 in Armour
 42244 | Elf:3    | Identified the +6 scimitar of Wu Jian's Respect {holy,
                  | rElec}
 42244 | Elf:3    | Identified the ring "Zedim" {Fire rElec rPois rN+}
 42375 | Elf:3    | Identified the ring "Tuwiboq" {Will+ Str+4}
 42663 | Elf:3    | Identified the +1 long sword of the Land of Plenty
                  | {protect, ^Contam rF+ rC+ Will+}
 42694 | Elf:3    | Identified the ring "Fifuut" {Fly Str-3 Int+3 Slay+4}
 42839 | Elf:3    | Found the +3 pair of mountain boots {steadfast, rC+}
 42844 | Elf:3    | Found the +3 Mad Mage's Maulers {Infuse+∞ VampMP -Cast}
 42873 | Elf:3    | Identified the +0 plate armour of Coif {Harm rPois Int-3
                  | Dex+2}
 42900 | Elf:3    | Learned a level 1 spell: Apportation
 42911 | Elf:3    | Got Hailoel's Writings on Kinetic Energy
 43385 | Orc:2    | Bought a Fen Folio for 714 gold pieces
 43999 | Depths:1 | Bought a scroll of acquirement for 780 gold pieces
 43999 | Depths:1 | Acquired 1161 gold pieces
 44056 | Depths:1 | Reached skill level 1 in Staves
 44561 | Depths:1 | Found a gateway to Hell.
 44877 | Depths:2 | Identified the +4 longbow "Qaih Ywy" {antimagic, Will+
                  | Dex+4}
 45246 | Depths:2 | Noticed a golden dragon
 45258 | Depths:2 | Killed a golden dragon
 45342 | Depths:2 | Found a gateway to a bazaar.
 45355 | Bazaar   | Entered a bazaar
 45375 | Bazaar   | Found Arphifer's Antique Weapon Shoppe.
 45427 | Bazaar   | Found Nuisudd's Antique Weapon Shoppe.
 45453 | Bazaar   | Found Quopt's Assorted Antiques.
 45500 | Bazaar   | Bought an emerald ring for 75 gold pieces
 45500 | Bazaar   | Bought a potion of heal wounds for 75 gold pieces
 45694 | Depths:2 | Reached XP level 24. HP: 163/191 MP: 24/38
 46455 | Depths:2 | Found a one-way gate leading to the halls of Pandemonium.
 47232 | Depths:2 | Learned a level 6 spell: Eringya's Noxious Bog
 47604 | Depths:2 | Gained mutation: Your magical capacity is low. (-10% MP)
                  | [mutagenic glow]
 47975 | Depths:3 | Upgraded the game from 0.31-a0-1581-g41d5ff3e7b to
                  | 0.31-a0-1591-g515db51633
 48044 | Depths:3 | Learned a level 4 spell: Ignite Poison
 48137 | Depths:3 | Reached skill level 10 in Alchemy
 48715 | Depths:3 | Found a hide-covered altar of Uskayaw.
 49318 | Depths:4 | Entered Level 4 of the Depths
 49733 | Depths:4 | Gained mutation: Armour fits poorly on your strangely
                  | shaped body. [mutagenic glow]
 49754 | Depths:4 | Reached XP level 25. HP: 129/199 MP: 11/35
 49855 | Depths:4 | Found a one-way gateway to a ziggurat.
 50169 | Depths:4 | Identified the +2 spear of Beogh's Displeasure {heavy,
                  | *Noise rF+ Dex+3}
 50365 | Depths:4 | Identified the +2 hand axe "Kuum" {flame, ^Contam rC++}
 50531 | Depths:4 | Identified the +3 war axe of Wiocik {freeze, rElec}
 50600 | Depths:4 | Found a gate to the Realm of Zot.
 50832 | Depths:4 | Noticed Boris
 50840 | Depths:4 | Killed Boris
 51014 | Depths:4 | Got the Meditations on Differential Freezing
 51016 | Depths:4 | Identified the +2 leather armour "Gudaegh" {Fly}
 51974 | Slime:1  | Entered Level 1 of the Pits of Slime
 52096 | Slime:1  | Gained mutation: You are vulnerable to heat. (rF-) [a
                  | shining eye]
 52096 | Slime:1  | Gained mutation: You are frail. (-10% HP) [a shining eye]
 52225 | Slime:2  | Gained mutation: Your magical capacity is very low. (-20%
                  | MP) [a shining eye]
 52260 | Slime:3  | Reached skill level 5 in Staves
 52480 | Slime:3  | Gained mutation: You occasionally lose the ability to drink
                  | potions when taking damage. [a shining eye]
 52720 | Slime:4  | Reached skill level 19 in Armour
 53459 | Slime:5  | Entered Level 5 of the Pits of Slime
 53478 | Slime:4  | Lost mutation: Armour fits poorly on your strangely shaped
                  | body. [potion of mutation]
 53478 | Slime:4  | Lost mutation: You occasionally lose the ability to drink
                  | potions when taking damage. [potion of mutation]
 53478 | Slime:4  | Lost mutation: Your magical capacity is very low. (-20% MP)
                  | [potion of mutation]
 53478 | Slime:4  | Lost mutation: You are vulnerable to heat. (rF-) [potion of
                  | mutation]
 53478 | Slime:4  | Gained mutation: You are partially covered in iridescent
                  | scales. (AC +2) [potion of mutation]
 53915 | Slime:5  | Noticed the Royal Jelly
 53929 | Slime:5  | Killed the Royal Jelly
 53930 | Slime:5  | Reached skill level 10 in Dodging
 53933 | Slime:5  | HP: 9/180 [acid blob/splash of acid (8)]
 54032 | Slime:5  | Gained mutation: You expend magic power (3 MP) to
                  | strengthen your wands. [a shining eye]
 54056 | Slime:5  | Identified the +4 quarterstaff of the Many Scars {freeze,
                  | Str+5 SInv}
 54058 | Slime:5  | Identified the staff "Geor" {Dex+3 Conj}
 54073 | Slime:5  | Identified the +7 hand axe of Diqecixe {freeze, Int+2}
 54137 | Slime:5  | Identified the +0 chain mail "Lauqul" {Str+2 Int+3}
 54202 | Slime:5  | Got a slimy rune of Zot
 54203 | Slime:5  | Identified the +1 scale mail "Kian" {Dex+4}
 54414 | Slime:2  | Reached XP level 26. HP: 187/187 MP: 26/36
 54546 | Slime:2  | Gained mutation: Your spells are a little easier to cast,
                  | but a little less powerful. [a shining eye]
 56185 | Vaults:2 | Found a staircase to the Crypt.
 57745 | Vaults:3 | Noticed Asterion
 57756 | Vaults:3 | Killed Asterion
 57927 | Vaults:3 | Learned a level 6 spell: Bombard
 58671 | Vaults:4 | Identified the +3 orcbow "Teedusch" {freeze, rPois rN+
                  | Dex-5 Stlth+}
 59208 | Vaults:4 | Reached XP level 27. HP: 193/193 MP: 26/36
 59736 | Vaults:4 | Reached skill level 15 in Conjurations
 60066 | Crypt:1  | Entered Level 1 of the Crypt
 60232 | Crypt:1  | Noticed Donald
 60241 | Crypt:1  | Killed Donald
 60385 | Crypt:1  | Identified the +2 long sword "Gram" {speed, rF++ Will+++
                  | Dex-3}
 61166 | Crypt:1  | Found an ancient bone altar of Kikubaaqudgha.
 61709 | Crypt:2  | Identified the ring "Keirgh" {Ice rN++}
 61709 | Crypt:2  | Noticed Josephina
 61718 | Crypt:2  | Killed Josephina
 62455 | Crypt:3  | Entered Level 3 of the Crypt
 62464 | Crypt:3  | Reached skill level 20 in Armour
 62830 | Crypt:3  | Reached skill level 5 in Summonings
 62895 | Crypt:3  | Noticed Khufu
 62901 | Crypt:3  | Killed Khufu
 63505 | Crypt:3  | Found a staircase to the Tomb.
 64047 | Crypt:3  | Noticed an ancient lich
 64051 | Crypt:3  | Killed an ancient lich
 64052 | Crypt:3  | Reached skill level 15 in Spellcasting
 64063 | Crypt:3  | Got Wairepoe's Vellum of Sciomancy
 64066 | Crypt:3  | Identified the +4 glaive of Qarem {drain, rN+ Str+4 Dex-5
                  | SInv}
 64069 | Crypt:3  | Identified the +5 spear "Kunuung" {drain, Stlth+}
 64070 | Crypt:3  | Identified the +3 chain mail of Elyvilon's Respect {rC-
                  | Dex+7}
 64073 | Crypt:3  | Identified the staff of the Scavenger {rC+ Ice Earth}
 64215 | Vaults:2 | Learned a level 7 spell: Spellforged Servitor
 64307 | Vaults:5 | Entered Level 5 of the Vaults
 64507 | Vaults:5 | Noticed an ancient lich
 64526 | Vaults:4 | Killed an ancient lich
 64809 | Vaults:4 | Gained mutation: You are weak. (Str -2) [mutagenic glow]
 65155 | Vaults:5 | Got a silver rune of Zot
 65228 | Vaults:5 | Identified the +3 quarterstaff of Putrescence {speed, rF+
                  | SInv}
 65394 | Vaults:5 | Found the amulet of Vitality {RegenMP++ Regen++}
 65462 | Vaults:5 | Found Digori's Jewellery Boutique.
 65554 | Vaults:5 | Identified the +1 troll leather armour of the King of the
                  | Hill {Regen+ Str+3 Slay+5}
 65848 | Vaults:5 | Identified the +8 orcbow "Ofuaddeet" {elec, ^Contam rC+++
                  | rN+++ Will+}
 66427 | Zot:1    | Entered Level 1 of the Realm of Zot
 66594 | Zot:1    | Gained mutation: Your spells are easier to cast, but less
                  | powerful. [you]
 66911 | Zot:1    | Reached skill level 21 in Armour
 67209 | Zot:1    | Gained mutation: You are vulnerable to cold. (rC-) [you]
 67293 | Zot:1    | Identified the +0 scale mail "Ritetex" {^Drain rN+ Regen+
                  | rCorr}
 67500 | Zot:1    | Reached skill level 22 in Armour
 68900 | Zot:3    | Reached skill level 23 in Armour
 68900 | Zot:3    | Reached skill level 10 in Summonings
 69212 | Zot:3    | Found Tuhon's CLEARANCE SALE!.
 69425 | Zot:3    | Reached skill level 24 in Armour
 69659 | Zot:4    | Noticed a Killer Klown
 69726 | Zot:4    | Noticed a Killer Klown
 69733 | Zot:4    | Killed a Killer Klown
 69782 | Zot:4    | Killed a Killer Klown
 70122 | Zot:4    | Reached skill level 25 in Armour
 70310 | Zot:4    | Identified the +4 sling of the Telling Queen {flame, rPois
                  | Will+ SInv Stlth-}
 70644 | Depths:3 | Voluntarily entered the Abyss.
 70987 | Abyss:3  | Found a corrupted altar of Lugonu.
 71206 | Abyss:3  | Reached skill level 26 in Armour
 71231 | Abyss:3  | Found a shimmering blue altar of Sif Muna.
 71556 | Abyss:4  | Got an abyssal rune of Zot
 71579 | Depths:3 | Escaped the Abyss
 71644 | Hell     | Entered the Vestibule of Hell
 71644 | Hell     | Noticed Geryon
 71871 | Hell     | Reached skill level 27 in Armour
 72083 | Hell     | Killed Geryon
 72229 | Hell     | Found a gateway to the ashen valley of Gehenna.
 72281 | Hell     | Found a gateway to the Iron City of Dis.
 72314 | Hell     | Found a gateway to the freezing wastes of Cocytus.
 72363 | Hell     | Found a gateway to the decaying netherworld of Tartarus.
 72471 | Dis:1    | Entered Level 1 of the Iron City of Dis
 73165 | Dis:3    | Reached skill level 10 in Staves
 73536 | Dis:4    | Noticed a dread lich
 73541 | Dis:4    | Killed a dread lich
 73643 | Dis:4    | Slain by an iron golem

Illustrated notes

Levels and vault maps discovered:
D:1:      spicycebolla_arrival_clurvy, layout_basic, kennysheep_doodads
D:2:      layout_basic, dreamdust_ecumenical_altar_sealed_demon
D:3:      layout_loops_cross, mainiacjoe_overflow_small_starburst
D:4:      layout_loops_ring, tgw_kikubaaqudgha, mainiacjoe_overflow_brackets,
          mainiacjoe_overflow_concentric_impassable,
          nicolae_concentric_dashed_squares_mild,
          nicolae_shop_distant_corner_stores, uniq_edmund
D:5:      layout_loops_ring, serial_library, serial_library_hellmonk_h_bend,
          serial_library_regret_index_branch_corner,
          serial_library_regret_index_headful,
          serial_library_hellmonk_small_corner,
          serial_library_hellmonk_open_square, serial_library_hellmonk_junction,
          serial_library_hellmonk_hallway_b, serial_library_hellmonk_room_a,
          serial_library_hellmonk_long_bookcase
D:6:      layout_rooms, general_overflow_altar, trog_ov_bears_minmay,
          nicolae_uskayaw_dance_hall, minmay_temple_entry_tees, uniq_jeremiah,
          uniq_sigmund
D:7:      layout_basic, enter_bailey_6
D:8:      layout_basic, fiery_altar_vehumet, nicolae_ru_the_path_less_chosen,
          mainiacjoe_overflow_catwalk, dpeg_oklobed_lair
D:9:      layout_basic, kennysheep_mini, david_orc_2, minmay_radiant,
          uniq_maggie, uniq_erica
D:10:     layout_irregular_city, gammafunk_temple_overflow_pools,
          elyvilon_altar_5, gammafunk_ghost_smash, serial_shops, shop
D:11:     layout_basic, kennysheep_windowed_goal
D:12:     layout_gridville, nicolae_concentric_dashed_squares_wild, uniq_snorg,
          uniq_gastronok
D:13:     layout_layer_cave, grunt_vaults_entry_fortified
D:14:     layout_basic, serial_library_hellmonk_layered_room,
          grunt_ministairs_14, uniq_agnes
D:15:     grunt_enter_depths_snipers, layout_long_grid,
          minmay_misc_feat_secret_circle
Lair:1:   layout_small_grid, special_room [special_room_bee],
          kennysheep_abandoned_house
Lair:2:   layout_loops_ring, swamp_mist, nicolae_spider_entry_tight_spaces,
          grunt_megastairs_1
Lair:3:   layout_loops_ring, gammafunk_ghost_abyssal_escape, beast_lair_carwin_2
Lair:4:   layout_regular_city, minivault_27, minivault_26, guppyfry_lair_drakes,
          lemuel_fruit_fields, lemuel_fruit_tree
Lair:5:   minmay_lair_end_frog_pond, layout_hall_layers, slime_entry_1,
          gauntlet_entry_generic
Swamp:1:  layout_basic_swamp, nicolae_swamp_tree_designs,
          nicolae_swamp_bunyip_nook, nicolae_swamp_tree_isthmus
Swamp:2:  layout_falls_marsh, evilmike_swamp_ruin_house_1
Swamp:3:  layout_falls_marsh, portal_ice_cave_entry_ice_simulacra,
          nicolae_swamp_decorative_isthmus
Swamp:4:  swamp_old_school, layout_basic_swamp, swamp_pool_1_2
Spider:1: layout_spider_delve
Spider:2: layout_cave_pods
Spider:3: layout_spider_delve, ebering_ghost_rock_garden
Spider:4: hellmonk_spider_rune_endless_swarm
Slime:1:  layout_caves, nicolae_slime_phagocytosis
Slime:2:  nicolae_slime_jelly_donut, layout_caves,
          nicolae_slime_rock_hall_of_fame
Slime:3:  cheibrodos_slime_lost_civilization_10, layout_caves
Slime:4:  cheibrodos_slime_lost_civilization_9, layout_caves,
          nicolae_slime_round_cave
Slime:5:  slime_pit_nicolae_amoeboid
Orc:1:    layout_caves
Orc:2:    st_orc_congregation, layout_diamond_mine, abandoned_shop
Elf:1:    layout_geoelf_grid, serial_shops, shop, hangedman_elf_disciples,
          nicolae_danse_macabre
Elf:2:    nicolae_elf_blades_crystal_corner, layout_geoelf_octagon,
          serial_shops, nicolae_shop_waterfront, guppyfry_elf_garden
Elf:3:    minmay_elf_hall_quartered_circle, layout_gridlike, serial_shops,
          nicolae_shop_statue_plus, roderic_lattice_octagonal_star
Vaults:1: nicolae_vaults_storage_room_water, v_misc_11, hangedman_vaults_unwind,
          v_misc_12, v_rooms_1, nicolae_vaults_circle_grid_a,
          nicolae_vaults_yaktaur_gun_rack, vaults_room_boxed,
          nicolae_vaults_double_plus_2, v_misc_14,
          nicolae_vaults_storage_room_statues,
          nicolae_vaults_surprise_closet_hard, ontoclasm_vaults_idyll,
          layout_vaults_omnibox, uniq_aizul
Vaults:2: minmay_crypt_entry_simple_sparse, v_misc_16, hangedman_vaults_cutoff,
          nicolae_vaults_surprise_closet, ontoclasm_vaults_gallery,
          v_alt_pattern_2, ontoclasm_vaults_gateway,
          nicolae_vaults_little_squares_1, ontoclasm_vaults_fault, v_misc_8,
          v_misc_16, hangedman_vaults_hat, nicolae_vaults_little_ls,
          ontoclasm_vaults_chip, vaults_dpeg_diagonal, hangedman_vaults_slice,
          layout_vaults_ring
Vaults:3: nicolae_vaults_house_3, ontoclasm_vaults_shuriken,
          vaults_room_corners, nicolae_vaults_sealed_display,
          nicolae_vaults_surprise_closet_hard, nicolae_vaults_tetromino_L_1,
          layout_vaults_omnigrid, uniq_asterion
Vaults:4: gargoyle_guard, vaults_standard_mumra_lines, nicolae_vaults_triangles,
          ontoclasm_vaults_decontamination, hangedman_vaults_nails,
          hangedman_vaults_corner, nicolae_vaults_cornered_office,
          nicolae_vaults_three_branches, serial_library_hellmonk_open_cross,
          nicolae_vaults_storage_room_glass, layout_vaults_maze
Vaults:5: serial_shops
Crypt:1:  layout_gridlike, serial_sigils_hangedman_writhe, grunt_ministairs_4,
          tombwall_bobbens, uniq_margery, uniq_donald
Crypt:2:  layout_chaotic_city, uniq_josephina
Crypt:3:  david_glass_crypt, layout_chaotic_city,
          nicolae_tomb_entry_grand_gallery, uniq_khufu
Depths:1: grunt_crosshair, layout_long_grid, pf_hell_entry_tar_spiral,
          fountainhead, nicolae_letterblocks [nicolae_letter_subblock,
          nicolae_letter_subblock, nicolae_letter_subblock,
          nicolae_letter_subblock, nicolae_letter_subblock,
          nicolae_letter_subblock, nicolae_letter_subblock,
          nicolae_letter_subblock, nicolae_letter_subblock,
          nicolae_letter_subblock, nicolae_letter_subblock,
          nicolae_letter_subblock, nicolae_letter_subblock,
          nicolae_letter_subblock, nicolae_letter_subblock,
          nicolae_letter_subblock, nicolae_letter_subblock,
          nicolae_letter_subblock, nicolae_letter_subblock,
          nicolae_letter_subblock, nicolae_letter_subblock,
          nicolae_letter_subblock, nicolae_letter_subblock,
          nicolae_letter_subblock, nicolae_letter_subblock], minmay_shoptagon
Depths:2: hangedman_arch_fort, layout_gridlike, minmay_misc_feat_nine_boxes,
          pan_entry, grunt_hell_horde, serial_shops, bzr_entry_dummy,
          beargit_elvish_explorers, infiniplex_staircase_zigzag_5,
          serial_bayou_shore_b
Depths:3: regret_index_uskayaw_diablada_macabre, layout_cave_pools,
          serial_column_ruins, column_ruins_open_small,
          column_ruins_corridor_straight, column_ruins_open_medium,
          column_ruins_open_small, column_ruins_grid_1, column_ruins_grid_3,
          abyss_entry, hell_entry, grunt_pan_entry_spiral,
          infiniplex_staircase_river
Depths:4: grunt_zot_entry_tricorne, layout_cave_shapes, enter_ziggurat_f,
          hangedman_coc_ice_floe, dk_noncrumbling_4, serial_rivers,
          chequers_serial_rivers_room_b, chequers_serial_rivers_micro_e,
          chequers_serial_rivers_small_3, chequers_serial_rivers_micro_c,
          minmay_variable_closet, horrible_house_mu, uniq_boris
Hell
Dis:1:    layout_gridville
Dis:2:    nicolae_dis_big_iron_x
Dis:3:    hangedman_dis_decor_blocks_crown, layout_jigsaw, nrook_loot_triangle
Dis:4:    kennysheep_iron_temple, layout_gridville
Zot:1:    kennysheep_ambush_hall, layout_twisted_circle, skrybe_zot_glass_2,
          hellmonk_formless_pools, grunt_megastairs_3
Zot:2:    gammafunk_mikee_crab_dinner, layout_basic,
          regret_index_zotdec_stipple_waver
Zot:3:    layout_onion, nicolae_shop_clearance
Zot:4:    layout_onion, skrybe_zot_glass_1, grunt_megastairs_4

Skill      XL: |  1  2  3  4  5  6  7  8  9 10 11 12 13 14 15 16 17 18 19 20 21 22 23 24 25 26 27 |
---------------+----------------------------------------------------------------------------------+-----
Conjurations   | 1 2 3 6 7 8 10 11 12 13 14 17 | 17.5
Earth Magic    | 4 5 6 7 8 10 11 12 13 14 15 17 18 19 20 21 22 24 | 24.9
Fighting       | 1 2 3 4 5 6 7 8 9 10 11 12 13 14 15 16 17 19 | 19.4
Spellcasting   | 3 4 5 6 7 9 10 11 12 13 16 | 16.8
Invocations    | 2 3 5 7 9 11 13 14 | 14.0
Shields        | 1 5 14 15 16 17 19 20 | 20.0
Armour         | 5 7 9 11 12 14 15 16 17 18 19 27 | 27.0
Summonings     | 3 4 12 | 12.0
Necromancy     | 4 6 8 |  8.0
Evocations     | 2 |  2.0
Dodging        | 2 5 7 8 10 11 13 | 13.3
Alchemy        | 4 8 10 12 | 12.0
Hexes          | 3 4 |  4.0
Staves         | 2 4 5 7 10 | 10.4
Stealth        | |  2.4

Action                     |  1- 3 |  4- 6 |  7- 9 | 10-12 | 13-15 | 16-18 | 19-21 | 22-24 | 25-27 || total
---------------------------+-------+-------+-------+-------+-------+-------+-------+-------+-------++-------
  Melee: Whip              |     3 |       |       |       |       |       |       |       |       ||     3
         Dagger            |       |     2 |       |       |       |       |       |       |       ||     2
         Trident           |       |    17 |       |       |       |       |       |       |       ||    17
         Punch             |       |     1 |       |       |       |       |       |       |       ||     1
         Dire flail        |       |    13 |    12 |    31 |   102 |   332 |    31 |       |       ||   521
         Staff             |       |       |       |       |       |    26 |   340 |   541 |  1966 ||  2873
  Throw: Throwing net      |       |       |       |     1 |     1 |       |       |       |       ||     2
         Dart              |       |       |       |     2 |       |     3 |     3 |     2 |       ||    10
   Cast: Sandblast         |    41 |    39 |   107 |   272 |   169 |   408 |   593 |   296 |    10 ||  1935
         Stone Arrow       |       |     3 |     3 |     1 |    11 |    30 |    25 |    89 |    37 ||   199
         Animate Armour    |       |       |       |     8 |    31 |    71 |   155 |   144 |   151 ||   560
         Lee's Rapid Decon |       |       |       |     3 |    18 |     6 |    39 |    86 |   340 ||   492
         Brom's Barrelling |       |       |       |       |       |     3 |     3 |    20 |       ||    26
         Petrify           |       |       |       |       |       |       |     6 |     8 |       ||    14
         Passwall          |       |       |       |       |       |       |     9 |     1 |    13 ||    23
         Irradiate         |       |       |       |       |       |       |       |    39 |    88 ||   127
         Lehudib's Crystal |       |       |       |       |       |       |       |    10 |   102 ||   112
         Sublimation of Bl |       |       |       |       |       |       |       |    61 |   410 ||   471
         Yara's Violent Un |       |       |       |       |       |       |       |    26 |    40 ||    66
         Apportation       |       |       |       |       |       |       |       |     2 |     6 ||     8
         Eringya's Noxious |       |       |       |       |       |       |       |     8 |    60 ||    68
         Ignite Poison     |       |       |       |       |       |       |       |     8 |    48 ||    56
         Bombard           |       |       |       |       |       |       |       |       |   373 ||   373
         Spellforged Servi |       |       |       |       |       |       |       |       |    17 ||    17
 Invoke: Bend Time         |       |       |       |     2 |       |       |     2 |       |       ||     4
         Slouch            |       |       |       |       |     2 |    14 |    18 |     5 |     8 ||    47
         Step From Time    |       |       |       |       |       |       |     1 |     3 |     3 ||     7
         Temporal Distorti |       |       |       |       |       |       |       |       |     3 ||     3
Ability: Dig               |       |       |     1 |       |     1 |     3 |       |     2 |     4 ||    11
         Shaft Self        |       |       |       |     1 |       |       |       |       |       ||     1
  Evoke: Wand              |       |       |     3 |     2 |       |     3 |     1 |       |       ||     9
         Phantom mirror    |       |       |       |       |       |       |     3 |       |       ||     3
    Use: Scroll            |       |     4 |     5 |     8 |     1 |     3 |     5 |     6 |    21 ||    53
         Potion            |       |     1 |       |     3 |     3 |       |    11 |       |    16 ||    34
   Stab: Sleeping          |       |     1 |     2 |       |       |       |       |       |       ||     3
         Distracted        |       |       |       |       |     2 |     3 |     6 |    10 |    11 ||    32
         Petrified         |       |       |       |       |       |       |     5 |     3 |       ||     8
         Petrifying        |       |       |       |       |       |       |     1 |       |       ||     1
         Invisible         |       |       |       |       |       |       |       |       |     2 ||     2
         Confused          |       |       |       |       |       |       |       |       |     1 ||     1
 Armour: Robe              |     5 |    23 |     2 |       |       |       |       |       |       ||    30
         Ring mail         |       |       |    32 |       |       |       |       |       |       ||    32
         Chain mail        |       |       |    28 |    99 |   195 |   257 |   336 |   603 |   637 ||  2155
         Plate armour      |       |       |       |       |       |   194 |   646 |       |       ||   840
         Gold dragon scale |       |       |       |       |       |       |       |       |   683 ||   683
  Dodge: Dodged            |     7 |    27 |    38 |    55 |   174 |   312 |   510 |   400 |  1210 ||  2733
  Block: Tower shield      |       |       |       |   215 |   555 |  1459 |  1964 |  1398 |  4360 ||  9951

Table legend: (Time is in decaauts)
 A = Elapsed time spent in this place.
 B = Non-inter-level travel time spent in this place.
 C = Inter-level travel time spent in this place.
 D = Time resting spent in this place.
 E = Time spent auto-exploring this place.
 F = Levels seen in this place.
 G = Mean time per level.
                   A        B        C        D        E       F      G
               +--------+--------+--------+--------+--------+-----+--------+
         Total | 111293 |  99021 |  12272 |   7735 |  67153 |  66 | 1686.3 |
       Dungeon |  27580 |  22337 |   5243 |   1052 |  18098 |  15 | 1838.7 |
          Lair |   9632 |   8633 |    999 |      0 |   7053 |   5 | 1926.4 |
         Swamp |   6345 |   5926 |    419 |    456 |   4317 |   4 | 1586.2 |
   Spider Nest |   7275 |   6978 |    297 |    996 |   4528 |   4 | 1818.8 |
    Slime Pits |   5851 |   4711 |   1140 |    500 |   1673 |   5 | 1170.2 |
  Orcish Mines |   2645 |   2094 |    551 |      2 |   1728 |   2 | 1322.5 |
   Elven Halls |   6939 |   6666 |    273 |    554 |   4457 |   3 | 2313.0 |
        Vaults |  12998 |  11748 |   1250 |    752 |   8361 |   5 | 2599.6 |
         Crypt |   5834 |   5474 |    360 |    406 |   3799 |   3 | 1944.7 |
        Depths |  12690 |  11480 |   1210 |   1677 |   6828 |   4 | 3172.5 |
          Hell |    747 |    709 |     38 |     35 |    529 |   1 |  747.0 |
           Dis |   1696 |   1588 |    108 |    124 |    764 |   4 |  424.0 |
           Zot |   6538 |   6159 |    379 |    335 |   3742 |   4 | 1634.5 |
         Abyss |   1414 |   1414 |      0 |    121 |      4 |   4 |  353.5 |
        Bazaar |    306 |    306 |      0 |      0 |    252 |   1 |  306.0 |
        Bailey |    394 |    394 |      0 |     37 |    157 |   1 |  394.0 |
      Ice Cave |   2402 |   2402 |      0 |    688 |    859 |   1 | 2402.0 |
               +--------+--------+--------+--------+--------+-----+--------+

Top non-repeatable levels by time:
Depths:2: 4462 daAuts
Depths:1: 3277 daAuts
    D:13: 3242 daAuts
Vaults:4: 2786 daAuts
Vaults:2: 2762 daAuts
Vaults:1: 2655 daAuts
    D:15: 2616 daAuts
Depths:4: 2609 daAuts
    D:12: 2605 daAuts
   Zot:1: 2557 daAuts
   Elf:1: 2521 daAuts
Vaults:3: 2521 daAuts
   Elf:3: 2477 daAuts
    D:14: 2436 daAuts
   IceCv: 2402 daAuts
